 Dungeon Crawl Stone Soup version 0.28-a0-224-g76b539d98b (webtiles) character file.

Game seed: 4552406134104094298

84 Gargoyl the Skirmisher (level 4, -9/41 HPs)
             Began as a Gnoll Abyssal Knight on Aug 21, 2021.
             Was a Believer of Lugonu.
             Mangled by Crazy Yiuf (13 damage)
             ... on level 2 of the Dungeon.
             The game lasted 00:03:08 (2519 turns).

Gargoyl the Skirmisher (Gnoll Abyssal Knight)       Turns: 2519, Time: 00:03:08

Health: -9/41      AC:  4    Str: 13    XL:     4   Next: 46%
Magic:  7/7        EV: 12    Int: 11    God:    Lugonu [**....]
Gold:   50         SH:  0    Dex: 11    Spells: 5/5 levels left

rFire   + . .      SeeInvis .   a - +1 hand axe
rCold   . . .      Faith    .   (no shield)
rNeg    . . .      Spirit   .   b - +0 leather armour
rPois   .          Reflect  .   c - +0 helmet
rElec   .          Harm     .   (no cloak)
rCorr   .          Rampage  .   (no gloves)
Will    +....                   (no boots)
Stlth   +.........              (no amulet)
HPRegen 0.13/turn               m - ring of willpower
MPRegen 0.10/turn               j - ring of protection from fire

@: lethally poisoned (-9 -> -24)
A: fangs 1, strong nose, distributed training
a: Renounce Religion, Depart the Abyss, Bend Space


You were on level 2 of the Dungeon.
You worshipped Lugonu.
Lugonu was pleased with you.
You visited 1 branch of the dungeon, and saw 2 of its levels.
You visited the Abyss 1 time.

You collected 50 gold pieces.

Inventory:

Hand Weapons
 a - a +1 hand axe (weapon)
Missiles
 o - 13 poisoned darts (quivered)
Armour
 b - a +0 leather armour (worn)
 c - a +0 helmet (worn)
Jewellery
 j - a ring of protection from fire (right hand)
 k - a +4 ring of protection
 m - a ring of willpower (left hand)
Scrolls
 d - 2 scrolls of identify
 g - 3 scrolls of amnesia {unknown}
 l - a scroll of fog {unknown}
 n - a scroll of teleportation {unknown}
Potions
 e - 2 potions of heal wounds
 f - 4 potions of attraction {unknown}
 h - a potion of mutation {unknown}
 i - a potion of magic {unknown}


   Skills:
 + Level 6.6 Fighting
 + Level 1.1 Short Blades
 + Level 1.1 Long Blades
 + Level 4.6 Axes
 + Level 1.1 Maces & Flails
 + Level 1.1 Polearms
 + Level 1.1 Staves
 + Level 1.1 Slings
 + Level 1.1 Bows
 + Level 1.1 Crossbows
 + Level 1.1 Throwing
 + Level 4.6 Armour
 + Level 2.7 Dodging
 + Level 1.1 Stealth
 + Level 1.1 Shields
 + Level 1.1 Unarmed Combat
 + Level 1.1 Spellcasting
 + Level 0.9 Conjurations
 + Level 0.9 Hexes
 + Level 0.9 Summonings
 + Level 0.9 Necromancy
 + Level 0.9 Translocations
 + Level 0.9 Transmutations
 + Level 0.9 Fire Magic
 + Level 0.9 Ice Magic
 + Level 0.9 Air Magic
 + Level 0.9 Earth Magic
 + Level 0.9 Poison Magic
 + Level 4.7 Invocations
 + Level 1.1 Evocations


You had 5 spell levels left.
You didn't know any spells.
Your spell library contained the following spells:

 Spells                   Type           Power      Damage    Failure   Level
 Corona                   Hex            2%         N/A       26%         1
 Ensorcelled Hibernation  Hex/Ice        4%         N/A       38%         2
 Tukima's Dance           Hex            2%         N/A       63%         3


Dungeon Overview and Level Annotations

Branches:
Dungeon (2/15)

Altars:
Yredelemnul

Annotations:
D:2 Crazy Yiuf


Innate Abilities, Weirdness & Mutations

You have very sharp teeth.
Your uncanny sense of smell can sniff out nearby items.
Your experience applies equally to all skills.


Message History

There is an open door here.
There is an open door here.
You open the door.
There is an open door here.
There is an open door here.
There is an escape hatch in the ceiling here.
You open the door.
There is an open door here.
Found a scroll labelled MEHAWAO GUQIOGG.
d - 3 scrolls labelled MEHAWAO GUQIOGG (gained 1)
You see here a +0 robe.
You see here a +0 robe.
Found a stone staircase leading down.
There is an open door here.
Found four maces.
Found a runed translucent door.
You see here a +0 mace.
You see here a +0 mace.
You see here a +0 mace.
As you read the scroll labelled MEHAWAO GUQIOGG, it crumbles to dust.
It is a scroll of identify.
e - 2 potions of heal wounds You open the door.
You hit Crazy Yiuf but do no damage. Crazy Yiuf barely misses you.
You barely miss Crazy Yiuf.
Crazy Yiuf hits you with a +4 quarterstaff of chaos!
You are poisoned.
Crazy Yiuf grits, "Lugonu!"
Crazy Yiuf hits you with a +4 quarterstaff of chaos.
You hit Crazy Yiuf.
Crazy Yiuf is lightly wounded.
You feel very sick.
Crazy Yiuf hits you with a +4 quarterstaff of chaos!
* * * LOW HITPOINT WARNING * * *
You resist with almost no effort.
You hit Crazy Yiuf. You bite Crazy Yiuf, but do no damage.
Crazy Yiuf is lightly wounded.
* * * LOW HITPOINT WARNING * * *
You feel very sick.
Crazy Yiuf hits you with a +4 quarterstaff of chaos!
You die...

#####......###..#
# #.###### #..# #
#.# #.># # #.#
#### # #.# # #.# #
#.####♣♣ ###
#....#.♣♣ ♣♣#)))#
#.....♣.♣♣♣♣@g...#
#.#......♣.)♣#...#
#.##.#..♣.♣♣♣ ###
#####.####♣♣♣♣♣
#.....# #.#####
..# ###


You could see Crazy Yiuf.

Vanquished Creatures
  3 adders (D:2)
  2 dart slugs
  4 orcs (D:2)
  5 endoplasms (D:2)
  3 giant cockroaches
  4 goblins
  3 hobgoblins
  2 quokkas (D:1)
  6 ball pythons
  2 bats (D:1)
  8 frilled lizards
  5 kobolds
  3 rats
50 creatures vanquished.

Notes
Turn   | Place    | Note
-------+----------+-------------------------------------------
     0 | Abyss:1  | Gargoyl the Gnoll Abyssal Knight began the quest for the
                  | Orb.
     0 | Abyss:1  | Reached XP level 1. HP: 23/23 MP: 3/3
    14 | Abyss:1  | Found a corrupted altar of Lugonu.
   116 | Abyss:1  | Noticed a wretched star
   118 | Abyss:1  | Noticed a chaos spawn
   122 | D:1      | Escaped the Abyss
   543 | D:1      | Reached XP level 2. HP: 24/29 MP: 4/4
   803 | D:1      | Reached * piety under Lugonu
   993 | D:1      | Reached XP level 3. HP: 35/35 MP: 5/5
  1616 | D:2      | Reached skill level 1 in Short Blades
  1616 | D:2      | Reached skill level 1 in Long Blades
  1616 | D:2      | Reached skill level 1 in Maces & Flails
  1616 | D:2      | Reached skill level 1 in Polearms
  1616 | D:2      | Reached skill level 1 in Staves
  1616 | D:2      | Reached skill level 1 in Slings
  1616 | D:2      | Reached skill level 1 in Bows
  1616 | D:2      | Reached skill level 1 in Crossbows
  1616 | D:2      | Reached skill level 1 in Throwing
  1616 | D:2      | Reached skill level 1 in Stealth
  1616 | D:2      | Reached skill level 1 in Shields
  1616 | D:2      | Reached skill level 1 in Unarmed Combat
  1616 | D:2      | Reached skill level 1 in Spellcasting
  1616 | D:2      | Reached skill level 1 in Evocations
  1764 | D:2      | Reached XP level 4. HP: 32/41 MP: 7/7
  1953 | D:2      | Reached ** piety under Lugonu
  2141 | D:2      | Found a basalt altar of Yredelemnul.
  2430 | D:2      | Found a runed translucent door.
  2431 | D:2      | Noticed Crazy Yiuf
  2519 | D:2      | Mangled by Crazy Yiuf

Illustrated notes

Levels and vault maps discovered:
D:1:      dpeg_arrival_round_c, layout_loops_ring, grunt_decor_one_mirror
D:2:      layout_basic, kennysheep_flooded_box, minmay_lizard_pond,
          uniq_crazy_yiuf_cottage

Skill      XL: |  1  2  3 |
---------------+----------+-----
Short Blades   | 1 |  1.1
Long Blades    | 1 |  1.1
Maces & Flails | 1 |  1.1
Polearms       | 1 |  1.1
Staves         | 1 |  1.1
Slings         | 1 |  1.1
Bows           | 1 |  1.1
Crossbows      | 1 |  1.1
Throwing       | 1 |  1.1
Stealth        | 1 |  1.1
Shields        | 1 |  1.1
Unarmed Combat | 1 |  1.1
Spellcasting   | 1 |  1.1
Evocations     | 1 |  1.1
Fighting       | |  6.6
Axes           | |  4.6
Armour         | |  4.6
Dodging        | |  2.7
Conjurations   | |  0.9
Hexes          | |  0.9
Summonings     | |  0.9
Necromancy     | |  0.9
Translocations | |  0.9
Transmutations | |  0.9
Fire Magic     | |  0.9
Ice Magic      | |  0.9
Air Magic      | |  0.9
Earth Magic    | |  0.9
Poison Magic   | |  0.9
Invocations    | |  4.7

Action                   |  1- 3 |  4- 6 || total
-------------------------+-------+-------++-------
Melee: Hand axe          |   105 |    54 ||   159
       Bite              |     5 |     6 ||    11
Invok: Depart the Abyss  |     1 |       ||     1
  Use: Potion            |     1 |       ||     1
       Scroll            |       |     1 ||     1
Armor: Leather armour    |    37 |    11 ||    48
Dodge: Dodged            |   100 |    42 ||   142

Table legend: (Time is in decaauts)
 A = Elapsed time spent in this place.
 B = Non-inter-level travel time spent in this place.
 C = Inter-level travel time spent in this place.
 D = Time resting spent in this place.
 E = Time spent auto-exploring this place.
 F = Levels seen in this place.
 G = Mean time per level.
                   A        B        C        D        E       F      G
               +--------+--------+--------+--------+--------+-----+--------+
         Total |   2527 |   2468 |     59 |      0 |   1993 |   3 |  842.3 |
       Dungeon |   2405 |   2346 |     59 |      0 |   1888 |   2 | 1202.5 |
         Abyss |    122 |    122 |      0 |      0 |    105 |   1 |  122.0 |
               +--------+--------+--------+--------+--------+-----+--------+

Top non-repeatable levels by time:
     D:1: 1299 daAuts
     D:2: 1105 daAuts
 Abyss:1: 122 daAuts
